 Dungeon Crawl Stone Soup version 0.24-a0-250-g6074511 (webtiles) character file.

Game seed: 13127975933414661108

9 Iscandelvey the Conjurer (level 2, 19/19 HPs)
             Began as a Demonspawn Conjurer on Apr 15, 2019.
             Quit the game on level 1 of the Dungeon.
             The game lasted 00:01:11 (398 turns).

Iscandelvey the Conjurer (Demonspawn Conjurer)       Turns: 398, Time: 00:01:12

Health: 19/19      AC:  2    Str:  8    XL:     2   Next: 3%
Magic:  1/5        EV: 12    Int: 16    God:
Gold:   0          SH:  0    Dex: 13    Spells: 4/5 levels left

rFire    . . .     SeeInvis .   (no weapon)
rCold    . . .     Gourm    .   (no shield)
rNeg     . . .     Faith    .   a - +0 robe
rPois    .         Spirit   .   (no helmet)
rElec    .         Reflect  .   (no cloak)
rCorr    .         Harm     .   (no gloves)
MR       .....                  (no boots)
Stlth    ++........             (no amulet)
HPRegen  0.06/turn              (no ring)
MPRegen  0.09/turn              (no ring)

@: no status effects
A: hooves 1
a: no special abilities


You were on level 1 of the Dungeon.
You were not hungry.

You visited 1 branch of the dungeon, and saw 1 of its levels.

Inventory:

Armour
 a - a +0 robe (worn)
Comestibles
 b - 6 chunks of flesh
 c - a ration


   Skills:
 + Level 1.8 Dodging
 + Level 1.8 Stealth
 + Level 2.1 Spellcasting
 + Level 4.3 Conjurations


You had 4 spell levels left.
You knew the following spells:

 Your Spells              Type           Power        Failure   Level  Hunger
a - Magic Dart            Conj           ###.         3%          1    #......

Your spell library contained the following spells:

 Spells                   Type           Power        Failure   Level  Hunger
 Searing Ray              Conj           ###...       5%          2    ###....
 Dazzling Spray           Conj/Hex       #.....       26%         3    ###....
 Iskenderun's Mystic Bla  Conj           ###.....     34%         4    #####..
 Force Lance              Conj/Tloc      #.......     63%         4    #####..
 Fulminant Prism          Conj/Hex       #.........   63%         4    #####..


Dungeon Overview and Level Annotations

Branches:
Dungeon (1/15)

Altars:
Xom


Innate Abilities, Weirdness & Mutations

You have large cloven feet.


Message History

A hobgoblin is nearby!
Casting: Magic Dart (safe; 3% risk of failure)
Confirm with . or Enter, or press ? or * to list all spells.
Aiming: Magic Dart (safe; 3% risk of failure)
Press: ? - help, Shift-Dir - straight line, f/p - hobgoblin
Aim: a hobgoblin, wielding a +0 club (severely wounded)
The magic dart hits the hobgoblin.
The hobgoblin is almost dead.
Casting: Magic Dart (safe; 3% risk of failure)
Confirm with . or Enter, or press ? or * to list all spells.
You don't have enough magic to cast that spell.
Unknown command.
The hobgoblin barely misses you.
You hit the hobgoblin.
You kill the hobgoblin!
You have reached level 2!
Your demonic ancestry asserts itself...
Your feet thicken and deform.
You see here a +0 club.
Are you sure you want to abandon this character and quit the game? (Confirm with "yes".)

#....##.....#
####
##.#.##.....##
#.#.##......#
#.#....)....#
#.#####.....#
#.# #.....#
### #)#
#.....#
..#...#.###
#.....+
.......@..#
#.....#
.^^^.##.#.#
..)..... .^_^
..............
.^. .#.#.#...
.. ......#....
. .. ..# # ...
... ..# .. ...
...#


There were no monsters in sight!

Vanquished Creatures
  2 bats (D:1)
  2 hobgoblins (D:1)
  A frilled lizard (D:1)
  3 kobolds (D:1)
8 creatures vanquished.

Notes
Turn   | Place    | Note
-------+----------+-------------------------------------------
     0 | D:1      | Iscandelvey the Demonspawn Conjurer began the quest for the
                  | Orb.
     0 | D:1      | Reached XP level 1. HP: 13/13 MP: 3/3
   384 | D:1      | Found a shimmering altar of Xom.
   394 | D:1      | Gained mutation: You have large cloven feet. [demonic
                  | ancestry]
   394 | D:1      | Reached XP level 2. HP: 19/19 MP: 0/5
   398 | D:1      | Quit the game

Levels and vault maps discovered:
D:1:      sevenhm_arrival_forest_fort_large_2, layout_basic, xom_teletrap_fun

Action                   || total
-------------------------++-------
Melee: Unarmed           ||     1
 Cast: Magic Dart        ||    15
Dodge: Dodged            ||     1

Table legend:
 A = Non-vault XP
 B = Vault XP
 C = Vault XP percentage of total XP
 D = Non-vault monster count
 E = Vault monster count
 F = Vault count percentage of total count
                 A         B        C        D         E       F
            +---------+---------+-------+---------+---------+-------
      Total |      13 |       0 |   0.0 |       8 |       0 |   0.0
            +---------+---------+-------+---------+---------+-------
        D:1 |      13 |       0 |   0.0 |       8 |       0 |   0.0
            +---------+---------+-------+---------+---------+-------
